 Dungeon Crawl Stone Soup version 0.29-a0-923-g6e406bff71 (webtiles) character file.

Game seed: 5063127206506201894

4896 scionoferis the Frost Mage (level 10, -9/69 HPs)
             Began as an Octopode Ice Elementalist on July 27, 2022.
             Was an Initiate of Gozag.
             Shot with a sling bullet by Joseph (19 damage)
             ... on level 10 of the Dungeon.
             The game lasted 00:44:21 (14403 turns).

scionoferis the Frost Mage (OpIE)                  Turns: 14403, Time: 00:44:26

Health: -9/69      AC:  1    Str:  9    XL:     10   Next: 51%
Magic:  15/20      EV: 14    Int: 23    God:    Gozag
Gold:   864        SH:  0    Dex: 12    Spells: 6/22 levels left

rFire   + + .      SeeInvis .   a - +2 dagger (elec)
rCold   . . .      Faith    .   (no shield)
rNeg    . . .      Spirit   .   (helmet restricted)
rPois   +          Reflect  .   (no amulet)
rElec   .          Harm     .   k - ring of protection from fire
rCorr   .          Rampage  .   z - ring of poison resistance
Will    .....                   (no ring)
Stlth   +++.......              (no ring)
HPRegen 0.21/turn               (no ring)
MPRegen 0.17/turn               (no ring)
                                (no ring)
                                (no ring)

@: mighty
A: almost no armour, amphibious, 8 rings, camouflage 1, gelatinous body 1,
(nimble swimmer 1), tentacles, clever 1, fire resistance 1, robust 1
a: Renounce Religion, Potion Petition, Call Merchant, Bribe Branch


You were on level 10 of the Dungeon.
You worshipped Gozag.
Gozag was pleased with you.
You visited 2 branches of the dungeon, and saw 11 of its levels.

You collected 1032 gold pieces.
You paid 168 gold pieces to Gozag.

Inventory:

Hand Weapons
 a - a +2 dagger of electrocution (weapon)
 b - a +0 sling
 o - a +0 arbalest
 C - a +2 war axe of venom
 D - a +0 short sword
 F - a +0 short sword of holy wrath
 H - a +1 whip of freezing
 I - the +5 battleaxe "Anilob" {freeze, Str+5}
   (You found it on level 9 of the Dungeon)

   It freezes those it strikes, dealing additional cold damage.
   It can also slow down cold-blooded creatures.
   Str:       It affects your strength (+5).
 L - a +3 short sword of freezing
 M - a +2 whip of draining
 N - a +2 dagger of speed
 O - a +0 vorpal shortbow
Missiles
 d - 52 stones (quivered)
 j - 18 poisoned darts
 v - 2 throwing nets
Armour
 r - a +0 buckler
Jewellery
 k - a ring of protection from fire (left tentacle)
 z - a ring of poison resistance (right tentacle)
Wands
 y - a wand of iceblast (3)
 P - a wand of charming (4)
Scrolls
 c - a scroll of enchant armour
 e - 3 scrolls of poison
 i - a scroll of teleportation
 l - a scroll of magic mapping
 n - a scroll of brand weapon
 q - 2 scrolls of immolation
 u - a scroll of vulnerability
 x - a scroll of torment
 A - 2 scrolls of blinking
 B - a scroll of enchant weapon
 K - a scroll of identify
Potions
 f - 3 potions of curing
 g - a potion of magic
 h - 3 potions of resistance
 m - 2 potions of flight
 s - a potion of attraction {unknown}
 t - 2 potions of mutation
 w - 2 potions of haste
 E - a potion of berserk rage
 G - a potion of invisibility
 J - a potion of brilliance


   Skills:
 + Level 4.1 Fighting
 * Level 1.5 Short Blades
 + Level 4.7 Dodging
 - Level 2.6 Stealth
 + Level 6.8 Spellcasting
 + Level 4.6 Conjurations
 - Level 5.0 Translocations
 + Level 9.1 Ice Magic
 + Level 4.4 Air Magic


You had 6 spell levels left.
You knew the following spells:

 Your Spells              Type           Power      Damage    Failure   Level
a - Freeze                Ice            100%       1d11      1%          1
b - Frozen Ramparts       Ice            100%       1d12      1%          3
c - Ozocubu's Armour      Ice            50%        N/A       1%          3
d - Blink                 Tloc           60%        N/A       1%          2
e - Hailstorm             Conj/Ice       39%        3d9       4%          4
f - Mephitic Cloud        Conj/Pois/Air  21%        N/A       7%          3

Your spell library contained the following spells:

 Spells                   Type           Power      Damage    Failure   Level
 Magic Dart               Conj           100%       1d8       1%          1
 Lesser Beckoning         Tloc           30%        N/A       3%          3
 Beastly Appendage        Tmut           14%        N/A       8%          1
 Call Imp                 Summ           7%         N/A       12%         2
 Wereblood                Tmut           7%         N/A       12%         2
 Freezing Cloud           Conj/Ice/Air   17%        6-21      19%         5
 Spider Form              Tmut/Pois      7%         N/A       24%         3
 Manifold Assault         Tloc           30%        N/A       28%         5
 Polar Vortex             Ice            25%        N/A       100%        9
 Simulacrum               Ice/Necr       Unusable   N/A       N/A         6

Dungeon Overview and Level Annotations

Branches:
Dungeon (10/15)            Temple (1/1) D:7
   Lair: D:8-11         Orc: D:9-12

Altars:
Ashenzari
Cheibriados
Dithmenos
Elyvilon
Fedhas
Gozag
Hepliaklqana
Kikubaaqudgha
Makhleb
Nemelex Xobeh
Okawaru
Qazlal
Ru
Sif Muna
Trog
Uskayaw
Vehumet
Wu Jian
Xom
Yredelemnul
Zin
The Shining One

Annotations:
D:10 Joseph


Innate Abilities, Weirdness & Mutations

You cannot wear most types of armour.
You are amphibious.
You can wear up to eight rings at the same time.
Your skin changes colour to match your surroundings (Stealth+).
Your rubbery body absorbs attacks. (AC +1, EV +1)
((You are camouflaged when in or above water. (Stealth+)))
You have tentacles for arms and can constrict up to eight enemies at once.
Your mind is acute. (Int +4, Str/Dex -1)
Your flesh is heat resistant. (rF+)
You are robust. (+10% HP)


Message History

The vampire is healed by the life force!
Okay, then.
Unknown command.
It was a potion of might.
You feel very mighty all of a sudden.
You constrict the vampire, but do no damage.
The vampire resists.
The wall freezes the vampire.
The vampire hits you but does no damage.
The vampire bites you.
* * * LOW HITPOINT WARNING * * *
The vampire draws strength from your injuries!
You feel better.
You constrict the vampire.
The vampire resists.
The wall freezes the vampire.
The vampire mumbles some strange words.
The vampire flickers and vanishes!
Deactivating autopickup; reactivate with Ctrl-A.
You hit something. You squeeze something. You constrict something.
The wall freezes something.
Something draws life force from you!
* * * LOW HITPOINT WARNING * * *
Unknown command.
Casting: Frozen Ramparts (safe; 1% risk of failure)
Confirm with . or Enter, or press ? or * to list all spells.
Your icy armour and frozen ramparts will break if you move.
Continue?
You blink.
Your icy armour cracks and falls away as you move.
The frozen ramparts melt away as you move.
You lose your grip on something.
Something tries to affect you, but you resist.
You open the door.
You feel stable enough to blink again.
Found 12 gold pieces.
Found a stone staircase leading up.
There is an open door here.
Found a stone staircase leading down.
You see here 12 gold pieces.
Joseph, a Mercenary comes into view.
He is wielding a +0 quarterstaff and carrying a wand of quicksilver (5).
Joseph shouts!
Joseph unwields a +0 quarterstaff.
Joseph wields a +0 sling.
Joseph shoots a sling bullet.
The sling bullet hits you!!
You die...
Your body crumbles into a pile of gold.

## .........# g........#
.........# #####+######
..g......####...........
g...........#...........
g.....?..##.'..$@<...>..
.........####..........@
####{# ########+###
#..ยง$# ##.#### #..#
..## .####### .......#


You could see Joseph.

Vanquished Creatures
  Pikel (D:7)
  A shadow (D:9)
  A wyvern (D:9)
  3 steam dragons
  3 acid dragons
  3 water moccasins
  An orc warrior (D:8)
  2 ice beasts
  2 sky beasts
  2 ogres
  2 lemures (D:7)
  2 centaurs (D:9)
  A kobold brigand (D:7)
  A phantom (D:4)
  2 necrophages
  4 scorpions
  3 bullfrogs
  A gnoll sergeant (D:10)
  5 wights (D:9)
  6 killer bees (D:8)
  3 howler monkeys
  The ghost of frimble the Magician, a weakling DsHW (D:3)
  2 quasits (D:7)
  An orc priest (D:4)
  A gnoll bouda (D:8)
  3 jellies
  3 hounds
  8 orc wizards
  2 iguanas
  12 gnolls
  4 adders
  2 shadow imps
  6 white imps
  3 ufetubi (D:7)
  3 worms
  2 dart slugs
  20 orcs
  2 ball pythons
  3 bats
  4 endoplasms
  4 giant cockroaches
  A goblin (D:2)
  5 hobgoblins
  2 jackals (D:3)
  3 quokkas
  3 frilled lizards
  6 kobolds
  4 rats
159 creatures vanquished.

Vanquished Creatures (others)
  6 demonic plants (D:7)
  2 fungi (D:6)
8 creatures vanquished.

Grand Total: 167 creatures vanquished

Notes
Turn   | Place    | Note
-------+----------+-------------------------------------------
     0 | D:1      | scionoferis the Octopode Ice Elementalist began the quest
                  | for the Orb.
     0 | D:1      | Reached XP level 1. HP: 11/11 MP: 3/3
   759 | D:2      | Reached XP level 2. HP: 17/17 MP: 5/5
  1077 | D:2      | Reached XP level 3. HP: 21/21 MP: 6/6
  1082 | D:2      | Learned a level 3 spell: Frozen Ramparts
  1373 | D:2      | Found a faded altar of an unknown god.
  2481 | D:3      | Found a runed translucent door.
  2483 | D:3      | Noticed frimble's ghost (weakling DsHW)
  2498 | D:3      | Reached skill level 5 in Ice Magic
  2658 | D:3      | Learned a level 3 spell: Ozocubu's Armour
  2688 | D:3      | Found a runed translucent door.
  3134 | D:3      | Reached XP level 4. HP: 26/27 MP: 1/8
  3402 | D:3      | Killed frimble's ghost
  3763 | D:4      | Reached XP level 5. HP: 31/31 MP: 2/9
  4274 | D:4      | Reached skill level 6 in Ice Magic
  4523 | D:4      | Noticed a phantom
  5007 | D:4      | Killed a phantom
  5008 | D:4      | Reached XP level 6. HP: 23/36 MP: 11/11
  5125 | D:5      | Entered Level 5 of the Dungeon
  5259 | D:5      | Noticed an ice beast
  5309 | D:5      | Learned a level 2 spell: Blink
  5470 | D:5      | Noticed a water moccasin
  5511 | D:5      | Gained mutation: You are robust. (+10% HP) [potion of
                  | mutation]
  5511 | D:5      | Gained mutation: Your mind is acute. (Int +4, Str/Dex -1)
                  | [potion of mutation]
  5511 | D:5      | Gained mutation: Your flesh is heat resistant. (rF+)
                  | [potion of mutation]
  5732 | D:5      | Reached skill level 1 in Translocations
  5732 | D:5      | Reached XP level 7. HP: 45/45 MP: 5/13
  5809 | D:5      | Reached skill level 7 in Ice Magic
  6741 | D:6      | Reached XP level 8. HP: 50/50 MP: 8/15
  6751 | D:6      | Reached skill level 5 in Spellcasting
  6876 | D:6      | Found a white marble altar of Elyvilon.
  7066 | D:6      | Found a stormy altar of Qazlal.
  7069 | D:6      | Found a bloodstained altar of Trog.
  7072 | D:6      | Found a shadowy altar of Dithmenos.
  7203 | D:6      | Reached skill level 8 in Ice Magic
  7782 | D:6      | Reached skill level 1 in Fighting
  7834 | D:6      | You fall into a shaft and drop 2 floors!
  7881 | D:8      | Found a transporter.
  7881 | D:8      | Found a transporter.
  7882 | D:8      | Found a transporter.
  8044 | D:7      | Reached XP level 9. HP: 59/59 MP: 13/17
  8158 | D:7      | Learned a level 4 spell: Hailstorm
  8162 | D:7      | Learned a level 3 spell: Mephitic Cloud
  8488 | D:7      | Reached skill level 1 in Conjurations
  8771 | D:6      | Reached skill level 1 in Air Magic
  8900 | D:7      | Noticed Pikel
  9095 | D:7      | Found a staircase to the Ecumenical Temple.
  9104 | Temple   | Entered the Ecumenical Temple
  9387 | Temple   | Became a worshipper of Gozag Ym Sagoz the Greedy
  9455 | D:7      | Killed Pikel
  9607 | D:7      | Reached skill level 5 in Translocations
 10032 | D:8      | Found a transporter.
 10145 | D:8      | Found a burning altar of Makhleb.
 10145 | D:8      | Found a radiant altar of Vehumet.
 10145 | D:8      | Found a basalt altar of Yredelemnul.
 10152 | D:8      | Found an ancient bone altar of Kikubaaqudgha.
 10155 | D:8      | Found a blossoming altar of Fedhas.
 10157 | D:8      | Found an ornate altar of the Wu Jian Council.
 10161 | D:8      | Found an iron altar of Okawaru.
 10162 | D:8      | Found a glowing golden altar of the Shining One.
 11514 | D:5      | Reached XP level 10. HP: 53/69 MP: 17/19
 11753 | D:9      | Identified the +5 battleaxe "Anilob" {freeze, Str+5}
 12581 | D:9      | Reached skill level 9 in Ice Magic
 13575 | D:9      | Reached skill level 1 in Short Blades
 14229 | D:10     | Entered Level 10 of the Dungeon
 14403 | D:10     | Noticed Joseph
 14403 | D:10     | Shot with a sling bullet by Joseph

Illustrated notes

Levels and vault maps discovered:
D:1:      dpeg_arrival_yet_another_circle, layout_basic
D:2:      layout_basic, dreamdust_ecumenical_altar_hidden_monk_grotto
D:3:      layout_basic, ebering_ghost_sewer_f
D:4:      layout_basic, minivault_5
D:5:      layout_basic, amethyst_killhole
D:6:      layout_loops_ring, grunt_temple_overflow_cloverleaf, serial_rivers,
          chequers_serial_rivers_marsh, chequers_serial_rivers_micro_b,
          chequers_serial_rivers_large_b, chequers_serial_rivers_micro_e,
          dreamdust_gnoll_farm
D:7:      layout_loops_ring, temple_hall, serial_demonic, serial_demonic_g,
          serial_demonic_f, serial_demonic_a, serial_demonic_c,
          serial_demonic_f, serial_demonic_g, uniq_pikel
D:8:      layout_loops_cross, nicolae_overflow_hallway_of_the_gods,
          nicolae_diode_quadrants
D:9:      layout_stronghold, nrook_uturn, dk_noncrumbling_4
D:10:     layout_roguey, uniq_joseph, uniq_fannar
Temple:   dpeg_chambers_temple

Skill      XL: |  1  2  3  4  5  6  7  8  9 10 |
---------------+-------------------------------+-----
Ice Magic      | 5 6 7 8 9 |  9.1
Spellcasting   | 3 4 5 6 |  6.8
Translocations | 1 3 4 5 |  5.0
Fighting       | 2 3 4 |  4.1
Dodging        | 3 4 |  4.7
Conjurations   | 3 4 |  4.6
Air Magic      | 3 4 |  4.4
Short Blades   | 1 |  1.5
Stealth        | |  2.6

Action                   |  1- 3 |  4- 6 |  7- 9 | 10-12 || total
-------------------------+-------+-------+-------+-------++-------
Melee: Short sword       |    34 |    29 |    43 |    41 ||   147
       Constrict         |    14 |     7 |    29 |    13 ||    63
       Unarmed           |     4 |       |       |       ||     4
       Tentacles         |     9 |    11 |    35 |    20 ||    75
       War axe           |       |       |    27 |       ||    27
       Whip              |       |       |    75 |    13 ||    88
       Punch             |       |       |     2 |     3 ||     5
       Dagger            |       |       |       |    28 ||    28
 Fire: Sling             |    10 |       |    16 |     1 ||    27
Throw: Dart              |       |     3 |     2 |       ||     5
       Stone             |       |       |     7 |       ||     7
 Cast: Freeze            |     7 |     2 |       |       ||     9
       Frozen Ramparts   |     5 |    10 |    38 |    12 ||    65
       Ozocubu's Armour  |     1 |     5 |    35 |    11 ||    52
       Blink             |       |     1 |       |     1 ||     2
       Hailstorm         |       |       |     1 |     1 ||     2
       Mephitic Cloud    |       |       |       |     1 ||     1
Evoke: Wand              |       |     4 |     1 |       ||     5
  Use: Scroll            |     1 |     6 |     4 |     4 ||    15
       Potion            |       |     3 |     4 |     3 ||    10
 Stab: Sleeping          |    11 |     4 |     2 |     1 ||    18
Armor: Skin              |     2 |       |    32 |    13 ||    47
Dodge: Dodged            |    18 |    15 |   121 |    46 ||   200

Table legend: (Time is in decaauts)
 A = Elapsed time spent in this place.
 B = Non-inter-level travel time spent in this place.
 C = Inter-level travel time spent in this place.
 D = Time resting spent in this place.
 E = Time spent auto-exploring this place.
 F = Levels seen in this place.
 G = Mean time per level.
                   A        B        C        D        E       F      G
               +--------+--------+--------+--------+--------+-----+--------+
         Total |  14430 |  13649 |    781 |   2424 |   8439 |  11 | 1311.8 |
       Dungeon |  14119 |  13410 |    709 |   2424 |   8211 |  10 | 1411.9 |
        Temple |    310 |    238 |     72 |      0 |    228 |   1 |  310.0 |
               +--------+--------+--------+--------+--------+-----+--------+

Top non-repeatable levels by time:
     D:3: 2209 daAuts
     D:9: 2133 daAuts
     D:8: 1977 daAuts
     D:4: 1712 daAuts
     D:7: 1402 daAuts
     D:6: 1365 daAuts
     D:5: 1346 daAuts
     D:2: 1170 daAuts
     D:1: 717 daAuts
  Temple: 310 daAuts
    D:10: 85 daAuts
